 Dungeon Crawl Stone Soup version 0.25-a0-645-gb4487340cb (webtiles) character file.

Game seed: 14431984917360418218, levelgen mode: deterministic

107 ReteAZ the Slasher (level 4, -2/35 HPs)
             Began as a Barachi Gladiator on Mar 21, 2020.
             Slain by an orc priest
             ... wielding a +0 mace
              (4 damage)
             ... on level 3 of the Dungeon.
             The game lasted 00:01:56 (2198 turns).

ReteAZ the Slasher (Barachi Gladiator)              Turns: 2198, Time: 00:01:56

Health: -2/35      AC:  4    Str: 16    XL:     4   Next: 86%
Magic:  4/4        EV: 13    Int:  8    God:
Gold:   67         SH:  0    Dex: 14    Spells: 3/3 levels left

rFire    . . .     SeeInvis .   a - +0 long sword
rCold    . . .     Gourm    .   (no shield)
rNeg     . . .     Faith    .   b - +0 leather armour
rPois    .         Spirit   .   c - +0 helmet
rElec    .         Reflect  .   (no cloak)
rCorr    .         Harm     .   (no gloves)
MR       .....                  (no boots)
Stlth    +.........             (no amulet)
HPRegen  0.11/turn              (no ring)
MPRegen  0.09/turn              (no ring)

@: drained, slow
A: +LOS, swims, slowness 1, strong legs 1
a: Hop


You were on level 3 of the Dungeon.
You were not hungry.

You visited 1 branch of the dungeon, and saw 3 of its levels.

You collected 67 gold pieces.

Inventory:

Hand Weapons
 a - a +0 long sword (weapon)
 n - a +4 dagger
Missiles
 d - 3 throwing nets (quivered)
Armour
 b - a +0 leather armour (worn)
 c - a +0 helmet (worn)
Jewellery
 j - an uncursed ring of resist corrosion {unknown}
Scrolls
 h - a scroll of teleportation {unknown}
 i - a scroll of magic mapping {unknown}
 m - a scroll of enchant armour {unknown}
 o - 2 scrolls of remove curse {unknown}
 q - a scroll of random uselessness {unknown}
 s - a scroll of fear {unknown}
 t - a scroll of amnesia {unknown}
 u - a scroll of identify {unknown}
Potions
 e - a potion of lignification {unknown}
 g - a potion of brilliance {unknown}
 k - 3 potions of stabbing {unknown}
 l - 2 potions of curing {unknown}
 p - a potion of magic {unknown}
Comestibles
 f - 5 rations
 r - 6 chunks of flesh


   Skills:
 + Level 3.3(2.7) Fighting
 * Level 5.0(4.4) Long Blades
 - Level 2.0(1.4) Throwing
 + Level 2.0(1.4) Armour
 + Level 3.9(3.3) Dodging


You had 3 spell levels left.
You didn't know any spells.
Your spell library was empty.

Dungeon Overview and Level Annotations

Branches:
Dungeon (3/15)

Altars:
Qazlal


Innate Abilities, Weirdness & Mutations

You can be seen from farther away. (+LOS)
You can swim through water.
You cover ground slowly.
You can hop short distances.


Message History

The orc priest is lightly wounded.
The hobgoblin hits you. The hobgoblin closely misses you.
You hit the orc priest but do no damage.
The orc priest is lightly wounded.
The orc misses you. The orc priest hits you with a +0 mace.
The hobgoblin hits you but does no damage.
The hobgoblin hits you.
You hit the orc priest but do no damage.
The orc priest is lightly wounded.
The hobgoblin misses you. The orc hits you with a +0 flail.
The orc priest hits you with a +0 mace!
* * * LOW HITPOINT WARNING * * *
The hobgoblin hits you.
* * * LOW HITPOINT WARNING * * *
You hit the orc priest.
The orc priest is lightly wounded.
The hobgoblin closely misses you. The orc hits you with a +0 flail!
* * * LOW HITPOINT WARNING * * *
The orc priest hits you with a +0 mace.
You die...

#.?.....# ##.......#
........# . #.......# ..
#.......# .. #...$...# ##
#...#.##.oo....# #######.
...#...gg#########.......
.......o@o.........#####.
##.####....########### ## #.)
#.##.....#.....## #
#.###.#.............### ###
#..#.....÷...........## ...
####.#)#...............#.
#.##.......((.............#.
##....)...)#.....÷)........#.
#..!..##.#.#...(...........#>


You could see an orc priest, an orc wizard, 2 orcs and 2 hobgoblins.

Vanquished Creatures
  3 adders
  An ooze (D:3)
  2 worms (D:2)
  3 dart slugs
  2 leopard geckos
  An orc (D:3)
  5 giant cockroaches
  9 goblins
  9 hobgoblins
  8 kobolds
  A ball python (D:2)
  6 bats
  A frilled lizard (D:1)
  7 rats
58 creatures vanquished.

Notes
Turn   | Place    | Note
-------+----------+-------------------------------------------
     0 | D:1      | ReteAZ the Barachi Gladiator began the quest for the Orb.
     0 | D:1      | Reached XP level 1. HP: 17/17 MP: 1/1
    63 | D:1      | Reached XP level 2. HP: 10/23 MP: 2/2
   282 | D:1      | Reached skill level 4 in Long Blades
   405 | D:1      | Reached skill level 1 in Armour
   652 | D:1      | Reached XP level 3. HP: 28/28 MP: 3/3
  1314 | D:2      | Reached XP level 4. HP: 34/35 MP: 4/4
  1328 | D:2      | Found a faded altar of an unknown god.
  1674 | D:2      | Found a stormy altar of Qazlal.
  2006 | D:3      | Reached skill level 5 in Long Blades
  2198 | D:3      | Slain by an orc priest

Levels and vault maps discovered:
D:1:      lemuel_arrival_broad_hall, layout_basic
D:2:      layout_basic, nicolae_overflow_hidden_temple,
          chequers_ecumenical_altar_grove, minmay_misc_feat_diagonals
D:3:      layout_rooms, first_ration, nrook_mini_backslash

Skill      XL: |  1  2  3  4 |
---------------+-------------+-----
Long Blades    | 4 5 |  5.0
Armour         | 1 2 |  2.0
Fighting       | 3 |  3.3
Throwing       | |  2.0
Dodging        | |  3.9

Action                   |  1- 3 |  4- 6 || total
-------------------------+-------+-------++-------
Melee: Long sword        |    89 |    75 ||   164
 Stab: Sleeping          |     1 |       ||     1
  Eat: Chunk             |     2 |     3 ||     5
Armor: Leather armour    |    38 |    19 ||    57
Dodge: Dodged            |    86 |    73 ||   159
       Rpst.: Long sword |    26 |    19 ||    45

Table legend:
 A = Non-vault XP
 B = Vault XP
 C = Vault XP percentage of total XP
 D = Non-vault monster count
 E = Vault monster count
 F = Vault count percentage of total count
                 A         B        C        D         E       F
            +---------+---------+-------+---------+---------+-------
      Total |     154 |       0 |   0.0 |      58 |       0 |   0.0
            +---------+---------+-------+---------+---------+-------
        D:1 |      48 |       0 |   0.0 |      24 |       0 |   0.0
        D:2 |      69 |       0 |   0.0 |      23 |       0 |   0.0
        D:3 |      37 |       0 |   0.0 |      11 |       0 |   0.0
            +---------+---------+-------+---------+---------+-------
